 Dungeon Crawl Stone Soup version 0.28-a0-175-gb2089b6bb7 (webtiles) character file.

Game seed: 11940679608268987271

805 Nattfarinn the Cudgeller (level 7, -11/87 HPs)
             Began as a Palentonga Berserker on Aug 17, 2021.
             Was a Believer of Trog.
             Mangled by Duvessa (13 damage)
             ... on level 4 of the Dungeon.
             The game lasted 00:04:38 (4044 turns).

Nattfarinn the Cudgeller (Palentonga Berserker)     Turns: 4044, Time: 00:04:38

Health: -11/87     AC: 11    Str: 22    XL:     7   Next: 60%
Magic:  7/7        EV: 10    Int:  7    God:    Trog [**....]
Gold:   129        SH:  0    Dex: 10    Spells: 6/6 levels left

rFire   . . .      SeeInvis +   u - +1 whip (flame)
rCold   . . .      Faith    .   (no shield)
rNeg    . . .      Spirit   .   b - +0 animal skin
rPois   +          Reflect  .   (no helmet)
rElec   .          Harm     .   (no cloak)
rCorr   .          Rampage  .   (no gloves)
Will    .....                   (no barding)
Stlth   ..........              (no amulet)
HPRegen 0.24/turn               j - ring of poison resistance
MPRegen 0.10/turn               (no ring)

@: berserking, curled up, very quick
A: large, rugged brown scales 3, see invisible, deformed body, roll 1, armoured
tail, reflexive curl
a: Rolling Charge, Renounce Religion, Berserk, Trog's Hand


You were on level 4 of the Dungeon.
You worshipped Trog.
Trog was pleased with you.
You visited 1 branch of the dungeon, and saw 4 of its levels.

You collected 129 gold pieces.

Inventory:

Hand Weapons
 a - a +0 mace
 r - a +0 vorpal mace
 u - a +1 whip of flaming (weapon)
Missiles
 i - 2 throwing nets
Armour
 b - a +0 animal skin (worn)
Jewellery
 j - a ring of poison resistance (left hand)
 s - an amulet of magic regeneration
Wands
 p - a wand of polymorph (15)
Scrolls
 f - a scroll of immolation {unknown}
 g - a scroll of fear {unknown}
 h - 3 scrolls of identify {unknown}
 l - a scroll of teleportation {unknown}
 o - a scroll of noise {unknown}
 t - a scroll of acquirement {unknown}
Potions
 c - a potion of haste {unknown}
 d - 2 potions of curing {unknown}
 e - 2 potions of lignification {unknown}
 k - 3 potions of cancellation {unknown}
 m - a potion of ambrosia {unknown}
 n - a potion of attraction {unknown}
 q - a potion of berserk rage {unknown}


   Skills:
 + Level 4.8 Fighting
 * Level 6.2 Maces & Flails
 + Level 3.4 Armour
 + Level 3.4 Dodging


You had 6 spell levels left.
You didn't know any spells.
Your spell library was empty.

Dungeon Overview and Level Annotations

Branches:
Dungeon (4/15)
 Temple: D:4-7

Altars:
Hepliaklqana
Qazlal

Annotations:
D:4 Duvessa


Innate Abilities, Weirdness & Mutations

You are completely covered in rugged brown scales. (AC +3, +7% HP)
You have supernaturally acute eyesight. (SInv)
Armour fits poorly on your strangely shaped body.
You can roll at nearby foes to attack.
You have a long armoured tail.
You curl defensively after being hit.


Message History

Duvessa weeps, then rights herself and shakes her weapon.
Duvessa goes berserk!
Duvessa barely misses you.
You whack Duvessa!
Your tail-slap misses Duvessa.
Duvessa is lightly wounded.
Duvessa hits you with a +1 vampiric short sword!
You hit Duvessa but do no damage.
You tail-slap Duvessa, but do no damage.
Duvessa is lightly wounded.
Duvessa hits you with a +1 vampiric short sword!
Duvessa draws strength from your wounds!
You hit Duvessa but do no damage.
Duvessa is lightly wounded.
Duvessa hits you with a +1 vampiric short sword!
You closely miss Duvessa.
Your tail-slap misses Duvessa.
Duvessa is lightly wounded.
You hit Duvessa. You tail-slap Duvessa!
Duvessa is moderately wounded.
Duvessa hits you with a +1 vampiric short sword!
You whack Duvessa! You burn Duvessa.
Duvessa is heavily wounded.
Your skin stops crawling.
You feel less strong-willed.
Duvessa hits you with a +1 vampiric short sword!
You hit Duvessa but do no damage.
Duvessa is heavily wounded.
Duvessa hits you with a +1 vampiric short sword!
* * * LOW HITPOINT WARNING * * *
You hit Duvessa.
Duvessa is heavily wounded.
Duvessa hits you with a +1 vampiric short sword!
* * * LOW HITPOINT WARNING * * *
You barely miss Duvessa.
You tail-slap Duvessa, but do no damage.
Duvessa is heavily wounded.
Duvessa hits you with a +1 vampiric short sword.
* * * LOW HITPOINT WARNING * * *
Duvessa draws strength from your wounds!
You closely miss Duvessa.
Duvessa is heavily wounded.
Duvessa hits you with a +1 vampiric short sword!
You die...

#### #...## #### #####.....# #..
..#....... #.######.........
####### ##
##.#..............###.....# .##
#.....###?@e.....##.....†..
..#####......##)#).....#..#.....#
............###.##.....#..#.._..#
..######........# #...##..##...##
.## ###.###### #..##...#...#. ##
#.# #.###..##.##. .# ##+## .#
#...###.. .# ##...## . ##.......
.#### ##.....## ###...'#


You could see Duvessa (berserk).

Vanquished Creatures
  Pikel (D:4)
  A scorpion (D:4)
  Dowan (D:4)
  A jelly (D:4)
  An iguana (D:4)
  An orc wizard (D:3)
  Natasha (thrice) (D:3)
  A howler monkey skeleton (D:4)
  2 adders
  2 dart slugs
  4 orcs
  4 bats (D:1)
  7 endoplasms
  A giant cockroach (D:4)
  8 goblins
  2 hobgoblins
  A jackal (D:1)
  4 kobolds
  5 quokkas
  10 ball pythons
  3 frilled lizards
  6 rats
69 creatures vanquished.

Notes
Turn   | Place    | Note
-------+----------+-------------------------------------------
     0 | D:1      | Nattfarinn the Palentonga Berserker began the quest for the
                  | Orb.
     0 | D:1      | Reached XP level 1. HP: 19/19 MP: 1/1
   437 | D:1      | Reached XP level 2. HP: 21/25 MP: 2/2
  1239 | D:2      | Reached XP level 3. HP: 31/31 MP: 3/3
  1295 | D:2      | Reached ** piety under Trog
  1917 | D:3      | Found a faded altar of an unknown god.
  2138 | D:3      | Noticed Natasha
  2145 | D:3      | Reached skill level 4 in Maces & Flails
  2145 | D:3      | Reached XP level 4. HP: 37/37 MP: 4/4
  2155 | D:3      | Killed Natasha
  2403 | D:3      | Noticed Natasha
  2410 | D:3      | Killed Natasha
  2411 | D:3      | Reached XP level 5. HP: 43/43 MP: 5/5
  2611 | D:3      | Noticed Natasha
  2614 | D:3      | Killed Natasha
  3103 | D:4      | Reached skill level 5 in Maces & Flails
  3103 | D:4      | Reached XP level 6. HP: 6/51 MP: 6/6
  3665 | D:4      | Found a stormy altar of Qazlal.
  3733 | D:4      | Found a hazy altar of Hepliaklqana.
  3860 | D:4      | Noticed Pikel
  3867 | D:4      | Killed Pikel
  3868 | D:4      | Reached skill level 6 in Maces & Flails
  3868 | D:4      | Gained mutation: You curl defensively after being hit.
                  | [Palentonga growth]
  3868 | D:4      | Reached XP level 7. HP: 58/58 MP: 7/7
  4028 | D:4      | Noticed Duvessa
  4029 | D:4      | Noticed Dowan
  4034 | D:4      | Killed Dowan
  4042 | D:4      | HP: 4/87 [Duvessa (13)]
  4044 | D:4      | Mangled by Duvessa

Illustrated notes

Levels and vault maps discovered:
D:1:      dpeg_arrival_rooms_b, layout_basic, minmay_hexomino_p4
D:2:      layout_loops_ring
D:3:      layout_loops_ring, ebering_ecumenical_altar_mist, nrook_campfire,
          uniq_natasha
D:4:      layout_loops_corners, mainiacjoe_overflow_two_lobes, uniq_pikel,
          uniq_duvessa

Skill      XL: |  1  2  3  4  5  6 |
---------------+-------------------+-----
Armour         | 2 3 |  3.4
Dodging        | 2 3 |  3.4
Maces & Flails | 4 5 6 |  6.2
Fighting       | 4 |  4.8

Action                   |  1- 3 |  4- 6 |  7- 9 || total
-------------------------+-------+-------+-------++-------
Melee: Mace              |   106 |    63 |       ||   169
       Tailslap          |    10 |    10 |     6 ||    26
       Whip              |       |       |    21 ||    21
Invok: Berserk           |     2 |     3 |     1 ||     6
       Trog's Hand       |     1 |     2 |     1 ||     4
 Abil: Rolling Charge    |    21 |     9 |       ||    30
 Stab: Sleeping          |       |       |     1 ||     1
Armor: Animal skin       |    46 |    12 |     2 ||    60
Dodge: Dodged            |    47 |    26 |     4 ||    77

Table legend: (Time is in decaauts)
 A = Elapsed time spent in this place.
 B = Non-inter-level travel time spent in this place.
 C = Inter-level travel time spent in this place.
 D = Time resting spent in this place.
 E = Time spent auto-exploring this place.
 F = Levels seen in this place.
 G = Mean time per level.
                   A        B        C        D        E       F      G
               +--------+--------+--------+--------+--------+-----+--------+
         Total |   4108 |   3861 |    247 |    895 |   2558 |   4 | 1027.0 |
       Dungeon |   4108 |   3861 |    247 |    895 |   2558 |   4 | 1027.0 |
               +--------+--------+--------+--------+--------+-----+--------+

Top non-repeatable levels by time:
     D:4: 1435 daAuts
     D:1: 1251 daAuts
     D:3: 730 daAuts
     D:2: 691 daAuts
